 Dungeon Crawl Stone Soup version 0.29-a0-23-ga79f92ac9c (webtiles) character file.

Game seed: 17678331879780733117

1267 HallandMoats the Skirmisher (level 8, 0/73 HPs)
             Began as a Ghoul Monk on Jan 31, 2022.
             Was a Plaything of Xom.
             Killed from afar by an orc wizard (4 damage)
             ... with a magic dart
             ... on level 7 of the Dungeon.
             The game lasted 00:07:46 (6790 turns).

HallandMoats the Skirmisher (Ghoul Monk)            Turns: 6790, Time: 00:07:47

Health: 0/73       AC:  7    Str: 12 (15) XL:     8   Next: 52%
Magic:  7/7        EV: 12    Int:  4 (5)  God:    Xom [....*.]
Gold:   353        SH:  0    Dex: 13      Spells: 7/7 levels left

rFire   . . .      SeeInvis .     - Unarmed
rCold   + . .      Faith    .   (no shield)
rNeg    + + +      Spirit   .   i - +0 ring mail
rPois   ∞          Reflect  .   m - +1 helmet
rElec   .          Harm     .   (no cloak)
rCorr   .          Rampage  .   (no gloves)
Will    .....                   (no boots)
Stlth   +.........              (no amulet)
HPRegen 0.00/turn               (no ring)
MPRegen 0.10/turn               (no ring)

@: inhibited regen
A: claws 1, cold resistance 1, negative energy resistance 3, inhibited
regeneration, torment resistance 2
a: Renounce Religion


You were on level 7 of the Dungeon.
You worshipped Xom.
You were a beloved toy of Xom.
You visited 1 branch of the dungeon, and saw 7 of its levels.

You collected 353 gold pieces.

Inventory:

Hand Weapons
 b - a +2 rapier of venom
Armour
 i - a +0 ring mail (worn)
 m - a +1 helmet (worn)
Jewellery
 v - a ring of magical power
Wands
 t - a wand of digging (2)
 u - a wand of charming (4)
Scrolls
 a - a scroll of identify
 f - 2 scrolls of enchant weapon {unknown}
 j - a scroll of noise {unknown}
 k - a scroll of teleportation {unknown}
 n - a scroll of magic mapping {unknown}
 q - a scroll of torment {unknown}
 s - a scroll of fog {unknown}
Potions
 c - 7 potions of curing {unknown}
 d - 2 potions of attraction {unknown}
 e - a potion of experience {unknown}
 g - 2 potions of haste {unknown}
 l - 2 potions of mutation
 o - a potion of lignification {unknown}
 p - 2 potions of degeneration {unknown}
 r - a potion of might {unknown}


   Skills:
 * Level 7.1 Fighting
 + Level 3.6 Armour
 + Level 4.5 Dodging
 - Level 2.1 Stealth
 * Level 7.1 Unarmed Combat


You had 7 spell levels left.
You didn't know any spells.
Your spell library contained the following spells:

 Spells                   Type           Power      Damage    Failure   Level
 Magic Dart               Conj           0%         1d3       77%         1
 Sting                    Tmut/Pois      0%         1d3       77%         1
 Poisonous Vapours        Pois/Air       0%         N/A       88%         2
 Searing Ray              Conj           0%         2d4       88%         2
 Fulminant Prism          Conj/Hex       0%         3d6       100%        4
 Olgreb's Toxic Radiance  Pois           0%         N/A       100%        4


Dungeon Overview and Level Annotations

Branches:
Dungeon (6/15)             Temple (0/1) D:5

Altars:
Nemelex Xobeh
Xom


Innate Abilities, Weirdness & Mutations

You thrive by killing the living.
You are immune to poison.
You have sharp fingernails.
Your flesh is cold resistant. (rC+)
You are immune to negative energy. (rN+++)
You do not regenerate when monsters are visible.
You are immune to unholy pain and torment.


Message History

The centaur zombie barely misses you. The centaur zombie kicks you.
* * * LOW HITPOINT WARNING * * *
You barely miss the orc wizard.
The orc wizard is moderately wounded.
The orc wizard closely misses you.
The centaur zombie hits you but does no damage.
The centaur zombie misses you.
You closely miss the orc wizard.
The orc wizard is moderately wounded.
The centaur zombie barely misses you.
The centaur zombie kicks you but does no damage.
The orc wizard points at you and mumbles some strange words.
The puff of flame misses you.
The orc priest calls upon Beogh to heal the orc wizard.
The orc wizard's wounds heal themselves!
You scratch the orc wizard.
The orc wizard is lightly wounded.
The centaur zombie barely misses you.
The centaur zombie completely misses you.
The orc wizard gestures at you while chanting.
The puff of flame hits you!
* * * LOW HITPOINT WARNING * * *
The orc priest calls upon Beogh to heal the orc wizard.
The orc wizard's wounds heal themselves!
The centaur zombie barely misses you.
The centaur zombie kicks you but does no damage.
It was a potion of mutation.
You feel extremely strange.
Your body decomposes!
You feel weakened.
Your body decomposes!
You feel weakened.
Your body decomposes!
You feel weakened.
Your body decomposes!
You feel dopey.
Xom thinks this is hilarious!
The orc wizard points at you and mumbles some strange words.
The magic dart hits you.
You die...
Xom bursts into laughter!

##.# ##...#
###......
###........
#@Z........
##o....?...
#.........
##........
#.....)..
##.......
......#
#.o.###
.###


You could see an orc priest, an orc wizard and a centaur zombie.

Vanquished Creatures
  2 ogres (D:5)
  A phantom (D:5)
  4 scorpions
  A vampire bat (D:5)
  3 hounds
  An orc priest (D:6)
  2 iguanas
  2 orc wizards
  2 hound zombies (D:5)
  A hound skeleton (D:5)
  Robin (D:3)
  4 gnolls (D:5)
  5 adders
  A river rat (D:5)
  An ufetubus (D:5)
  3 dart slugs
  3 fire bats (D:5)
  15 orcs
  2 spectral bats (D:5)
  3 ball pythons
  3 bat skeletons (D:5)
  A bat zombie (D:5)
  4 endoplasms
  5 giant cockroaches
  13 goblins
  10 hobgoblins
  12 kobolds
  3 quokkas
  18 bats
  A bat simulacrum (D:5)
  3 frilled lizards
  4 rats (D:1)
134 creatures vanquished.

Vanquished Creatures (collateral kills)
  An orc warrior (D:5)
  A gnoll shaman (D:5)
  An orc wizard (D:5)
  3 gnolls (D:5)
  A white imp (D:5)
  An orc (D:5)
8 creatures vanquished.

Grand Total: 142 creatures vanquished

Notes
Turn   | Place    | Note
-------+----------+-------------------------------------------
     0 | D:1      | HallandMoats the Ghoul Monk began the quest for the Orb.
     0 | D:1      | Reached XP level 1. HP: 19/19 MP: 0/0
   431 | D:1      | Reached XP level 2. HP: 26/26 MP: 1/1
   736 | D:1      | Found a faded altar of an unknown god.
   849 | D:1      | Prayed at the altar of an unknown god.
   849 | D:1      | Became a worshipper of Xom the Capricious
   855 | D:1      | XOM: divination: magic mapping
   862 | D:1      | XOM: silly message
  1085 | D:1      | Reached XP level 3. HP: 33/33 MP: 2/2
  1316 | D:2      | XOM: 3-stop teleportation journey
  1324 | D:2      | Reached skill level 1 in Armour
  1790 | D:2      | XOM: noise
  1841 | D:2      | XOM: 1-stop teleportation journey
  1869 | D:2      | XOM: noise
  1947 | D:2      | Reached XP level 4. HP: 40/40 MP: 3/3
  2094 | D:2      | XOM: summons 3 hostile shadow creatures
  2472 | D:3      | XOM: blink monster(s)
  2667 | D:3      | XOM: blink monster(s)
  2677 | D:3      | Reached XP level 5. HP: 18/47 MP: 4/4
  2979 | D:3      | Noticed Robin
  2998 | D:3      | Killed Robin
  3264 | D:3      | Reached XP level 6. HP: 31/55 MP: 5/5
  3685 | D:4      | Found a sparkling altar of Nemelex Xobeh.
  4382 | D:4      | XOM: noise
  4679 | D:4      | XOM: god gift: 49 gold pieces
  4742 | D:5      | Entered Level 5 of the Dungeon
  4763 | D:5      | Reached skill level 5 in Fighting
  4763 | D:5      | Reached skill level 5 in Unarmed Combat
  4829 | D:5      | XOM: god gift: silver wand {god gift}
  4830 | D:5      | Reached XP level 7. HP: 47/61 MP: 6/6
  4894 | D:5      | XOM: summons 1 hostile demon
  5151 | D:5      | Found a staircase to the Ecumenical Temple.
  5329 | D:5      | XOM: butterfly on damage
  5488 | D:5      | XOM: silly message
  5513 | D:5      | XOM: 1-stop teleportation journey
  5877 | D:5      | Reached XP level 8. HP: 62/71 MP: 7/7
  6012 | D:5      | XOM: blink monster(s)
  6049 | D:5      | XOM: enchant monster (bad)
  6276 | D:5      | XOM: smoke on damage
  6760 | D:6      | XOM: summons 4 hostile shadow creatures
  6776 | D:6      | XOM: 1-stop teleportation journey
  6778 | D:6      | You fall into a shaft and drop 1 floor!
  6785 | D:7      | XOM: noise
  6790 | D:7      | Killed from afar by an orc wizard

Illustrated notes

Levels and vault maps discovered:
D:1:      minmay_arrival_semitransparent, layout_basic,
          dreamdust_ecumenical_altar_statues, hex_tiny
D:2:      layout_loops_corners
D:3:      layout_rooms, palyth_stone_intersect, uniq_robin
D:4:      layout_layer_cave, mainiacjoe_overflow_chevrons
D:5:      layout_loops_ring, minmay_temple_entry_overgrown,
          gup_sewer_entry_bubbles, kennysheep_diamond, goddamned_bats
D:6:      minmay_angry_zag, layout_cave_pools, uniq_grinder
D:7:      minmay_skewed_foursquare, layout_loops_cross, uniq_harold

Skill      XL: |  1  2  3  4  5  6  7  8 |
---------------+-------------------------+-----
Armour         | 1 2 3 |  3.6
Dodging        | 3 4 |  4.5
Fighting       | 4 5 6 7 |  7.1
Unarmed Combat | 4 5 6 7 |  7.1
Stealth        | |  2.1

Action                   |  1- 3 |  4- 6 |  7- 9 || total
-------------------------+-------+-------+-------++-------
Melee: Unarmed           |    97 |   182 |   201 ||   480
       Punch             |     1 |     6 |     9 ||    16
  Use: Scroll            |       |       |     3 ||     3
       Potion            |       |       |     1 ||     1
 Stab: Sleeping          |     5 |     2 |       ||     7
       Distracted        |     1 |       |       ||     1
Armor: Robe              |    16 |       |       ||    16
       Ring mail         |     3 |    89 |    91 ||   183
Dodge: Dodged            |    55 |   161 |   145 ||   361

Table legend: (Time is in decaauts)
 A = Elapsed time spent in this place.
 B = Non-inter-level travel time spent in this place.
 C = Inter-level travel time spent in this place.
 D = Time resting spent in this place.
 E = Time spent auto-exploring this place.
 F = Levels seen in this place.
 G = Mean time per level.
                   A        B        C        D        E       F      G
               +--------+--------+--------+--------+--------+-----+--------+
         Total |   6776 |   6659 |    117 |    465 |   5184 |   7 |  968.0 |
       Dungeon |   6776 |   6659 |    117 |    465 |   5184 |   7 |  968.0 |
               +--------+--------+--------+--------+--------+-----+--------+

Top non-repeatable levels by time:
     D:5: 1953 daAuts
     D:2: 1358 daAuts
     D:1: 1272 daAuts
     D:4: 1228 daAuts
     D:3: 865 daAuts
     D:6: 87 daAuts
     D:7: 11 daAuts
